 Seeded DCSS version 0.31-a0-1074-g0b22e4e0f1 (webtiles) character file.

Game seed: 9698261311993447001 (custom seed)

128 croobank the Poker (level 5, 0/43 HPs)
             Began as a Gnoll Reaver on Nov 26, 2023.
             Slain by a cerulean imp
             ... wielding a +1 spear
             ... summoned by Natasha
              (4 damage)
             ... on level 2 of the Dungeon.
             The game lasted 00:04:17 (1390 turns).

croobank the Poker (Gnoll Reaver)                   Turns: 1390, Time: 00:04:18

Health: 0/43       AC:  3    Str: 13    XL:     5   Next: 11%
Magic:  12/12      EV: 12    Int: 12    God:
Gold:   27         SH:  0    Dex: 11    Spells: 13/14 levels left

rFire   . . .        a - +0 spear
rCold   . . .        (no shield)
rNeg    . . .        b - +0 leather armour
rPois   .            (helmet currently unavailable)
rElec   .            (cloak currently unavailable)
rCorr   .            (gloves currently unavailable)
SInv    .            (boots currently unavailable)
Will    .....        (no amulet)
Stlth   +            (no ring)
HPRegen 0.27/turn    (no ring)
MPRegen 0.13/turn

%: no passive effects
@: beast-form, slowed, very slow
A: beast (slay +0), fangs 1, strong nose, distributed training
a: Begin Untransformation


You were on level 2 of the Dungeon.
You were a hulking beast.
You visited 1 branch of the dungeon, and saw 2 of its levels.

You collected 83 gold pieces.
You spent 56 gold pieces at shops.

Inventory:

Hand Weapons
 a - a +0 spear (weapon)
 d - a +0 short sword of holy wrath
Missiles
 i - 2 javelins (quivered)
 k - 5 poisoned darts
Armour
 b - a +0 leather armour (worn)
Talismans
 l - a beast talisman (active)
Scrolls
 e - a scroll of poison {unknown}
Potions
 c - a potion of magic
 f - a potion of curing
 h - a potion of enlightenment


   Skills:
 + Level 4.7 Fighting
 + Level 1.4 Short Blades
 + Level 1.4 Long Blades
 + Level 1.4 Axes
 + Level 1.4 Maces & Flails
 + Level 6.6 Polearms
 + Level 1.4 Staves
 + Level 1.4 Ranged Weapons
 + Level 1.4 Throwing
 + Level 1.4 Armour
 + Level 4.7 Dodging
 + Level 1.4 Stealth
 + Level 1.4 Shields
 + Level 1.4 Unarmed Combat
 + Level 5.1 Spellcasting
 + Level 5.5 Conjurations
 + Level 1.1 Hexes
 + Level 1.1 Summonings
 + Level 1.1 Necromancy
 + Level 1.1 Translocations
 + Level 1.1 Transmutations
 + Level 1.1 Fire Magic
 + Level 1.1 Ice Magic
 + Level 1.1 Air Magic
 + Level 1.1 Earth Magic
 + Level 1.1 Poison Magic
 + Level 1.5 Invocations
 + Level 1.4 Evocations
 + Level 1.2 Shapeshifting


You had 13 spell levels left.
You knew the following spells:

 Your Spells              Type           Power      Damage    Failure   Level
a - Kiss of Death         Conj/Necr      44%        2d8       6%          1

Your spell library contained the following spells:

 Spells                   Type           Power      Damage    Failure   Level
 Momentum Strike          Conj/Tloc      22%        3d8       10%         2
 Hailstorm                Conj/Ice       11%        3d5       19%         3
 Blink                    Tloc           10%        N/A       24%         2
 Lesser Beckoning         Tloc           10%        N/A       24%         2


Dungeon Overview and Level Annotations

Branches:
Dungeon (2/15)

Altars:
Zin

Shops:
D:2 ?

Annotations:
D:2 Natasha


Innate Abilities, Weirdness & Mutations

You are a hulking beast.
Your limbs bulge with bestial killing power. (Slay +0)
You have very sharp teeth.
Your uncanny sense of smell can sniff out nearby items.
Your experience applies equally to all skills.


Message History

You hit Natasha.
Natasha is lightly wounded.
The cerulean imp hits you from afar with a +1 spear.
Natasha claws you but does no damage.
You hit Natasha.
Natasha is heavily wounded.
The cerulean imp misses you. Natasha claws you but does no damage.
You closely miss Natasha.
Natasha is heavily wounded.
The cerulean imp hits you from afar with a +1 spear.
Natasha claws you. The cerulean imp misses you.
You hit Natasha but do no damage.
Natasha is moderately wounded.
Natasha closely misses you.
The cerulean imp hits you from afar with a +1 spear.
Natasha casts a spell.
You hit Natasha but do no damage.
Natasha is moderately wounded.
The cerulean imp hits you but does no damage.
The cerulean imp hits you with a +1 spear.
Natasha completely misses you.
Throw: 4 javelins
Press: ? - help, Q - select action, (/) - cycle Shift-Dir - straight line, f/p - Natasha
Aim: Natasha (moderately wounded, 47% to hit)
You throw a javelin. The javelin barely misses Natasha.
The cerulean imp hits you from afar with a +1 spear.
The cerulean imp misses you. Natasha claws you!
* * * LOW HITPOINT WARNING * * *
The cerulean imp hits you from afar with a +1 spear.
* * * LOW HITPOINT WARNING * * *
The cerulean imp barely misses you. Natasha closely misses you.
Throw: 3 javelins
Press: ? - help, Q - select action, (/) - cycle Shift-Dir - straight line, f/p - Natasha
Aim: Natasha (moderately wounded, 47% to hit)
You throw a javelin. The javelin pierces through Natasha!
Natasha is almost dead.
The cerulean imp hits you from afar with a +1 spear.
* * * LOW HITPOINT WARNING * * *
The cerulean imp hits you with a +1 spear.
You die...

# #.# ######...# #..#.#.#### #
##.# #...# #......# ####..###
#...# #.#..#.# .#......# #...#
#.#....# #
.#.#.##.######...######......# #
.#.#.##.#.........((..#..)...####
...#....†)......5.>.....#.#......
...##..)#........h....###.#######
........######..h########.### #
.......## #.5.# #..<..# #
...##.## #...# #.#.#.### ...##.#
#...# #.#.....# ##.##.# #...#
#.###.#.### ......# ##.##
#.....#.... ...####
#.#############.###
#.#############......# #.###
.##..........#######.# #....


You could see Natasha and 2 cerulean imps.

Vanquished Creatures
  Jessica (D:2)
  Natasha (twice) (D:2)
  4 dart slugs
  3 ball pythons
  3 bats (D:1)
  3 endoplasms
  4 giant cockroaches
  2 goblins (D:2)
  7 hobgoblins
  A frilled lizard (D:1)
  7 kobolds
  4 rats (D:1)
41 creatures vanquished.

Vanquished Creatures (collateral kills)
  A goblin (D:2)
1 creature vanquished.

Grand Total: 42 creatures vanquished

Notes
Turn   | Place    | Note
-------+----------+-------------------------------------------
     0 | D:1      | croobank the Gnoll Reaver began the quest for the Orb.
     0 | D:1      | Reached XP level 1. HP: 20/20 MP: 6/6
   105 | D:1      | Reached XP level 2. HP: 23/26 MP: 7/7
   240 | D:1      | Reached XP level 3. HP: 31/31 MP: 9/9
   241 | D:1      | Reached skill level 5 in Spellcasting
   606 | D:2      | Noticed Jessica
   623 | D:2      | Reached skill level 1 in Invocations
   623 | D:2      | Killed Jessica
   624 | D:2      | Reached skill level 1 in Short Blades
   624 | D:2      | Reached skill level 1 in Long Blades
   624 | D:2      | Reached skill level 1 in Axes
   624 | D:2      | Reached skill level 1 in Maces & Flails
   624 | D:2      | Reached skill level 1 in Staves
   624 | D:2      | Reached skill level 1 in Ranged Weapons
   624 | D:2      | Reached skill level 1 in Throwing
   624 | D:2      | Reached skill level 1 in Armour
   624 | D:2      | Reached skill level 1 in Stealth
   624 | D:2      | Reached skill level 1 in Shields
   624 | D:2      | Reached skill level 1 in Unarmed Combat
   624 | D:2      | Reached skill level 1 in Evocations
   624 | D:2      | Reached skill level 1 in Shapeshifting
   624 | D:2      | Reached XP level 4. HP: 31/38 MP: 11/11
   756 | D:2      | Found Xeveti's Magic Scroll Boutique.
   775 | D:2      | Bought a scroll of identify for 28 gold pieces
   775 | D:2      | Bought a scroll of identify for 28 gold pieces
   863 | D:2      | Found a glowing silver altar of Zin.
  1032 | D:2      | Noticed Natasha
  1046 | D:2      | Killed Natasha
  1047 | D:2      | Reached skill level 1 in Hexes
  1047 | D:2      | Reached skill level 1 in Summonings
  1047 | D:2      | Reached skill level 1 in Necromancy
  1047 | D:2      | Reached skill level 1 in Translocations
  1047 | D:2      | Reached skill level 1 in Transmutations
  1047 | D:2      | Reached skill level 1 in Fire Magic
  1047 | D:2      | Reached skill level 1 in Ice Magic
  1047 | D:2      | Reached skill level 1 in Air Magic
  1047 | D:2      | Reached skill level 1 in Earth Magic
  1047 | D:2      | Reached skill level 1 in Poison Magic
  1067 | D:2      | Noticed Natasha
  1093 | D:2      | Killed Natasha
  1094 | D:2      | Reached XP level 5. HP: 11/43 MP: 12/12
  1378 | D:2      | Noticed Natasha
  1390 | D:2      | Slain by a cerulean imp

Illustrated notes

Levels and vault maps discovered:
D:1:      eino_arrival_tree_alley, layout_rooms
D:2:      layout_loops_cross, serial_shops, shop, basic_altar, uniq_jessica,
          uniq_natasha

Skill      XL: |  1  2  3  4 |
---------------+-------------+-----
Spellcasting   | 5 |  5.1
Invocations    | 1 |  1.5
Short Blades   | 1 |  1.4
Long Blades    | 1 |  1.4
Axes           | 1 |  1.4
Maces & Flails | 1 |  1.4
Staves         | 1 |  1.4
Ranged Weapons | 1 |  1.4
Throwing       | 1 |  1.4
Armour         | 1 |  1.4
Stealth        | 1 |  1.4
Shields        | 1 |  1.4
Unarmed Combat | 1 |  1.4
Evocations     | 1 |  1.4
Shapeshifting  | 1 |  1.2
Hexes          | 1 |  1.1
Summonings     | 1 |  1.1
Necromancy     | 1 |  1.1
Translocations | 1 |  1.1
Transmutations | 1 |  1.1
Fire Magic     | 1 |  1.1
Ice Magic      | 1 |  1.1
Air Magic      | 1 |  1.1
Earth Magic    | 1 |  1.1
Poison Magic   | 1 |  1.1
Fighting       | |  4.7
Polearms       | |  6.6
Dodging        | |  4.7
Conjurations   | |  5.5

Action                     |  1- 3 |  4- 6 || total
---------------------------+-------+-------++-------
  Melee: Spear             |    75 |    83 ||   158
         Bite              |     3 |     8 ||    11
  Throw: Javelin           |     6 |     5 ||    11
         Dart              |     1 |     2 ||     3
    Use: Scroll            |       |     5 ||     5
         Potion            |       |     1 ||     1
   Stab: Sleeping          |     1 |     1 ||     2
 Armour: Leather armour    |    20 |    37 ||    57
         Skin              |       |    31 ||    31
  Dodge: Dodged            |    31 |    21 ||    52
   Form: Beast             |       |     1 ||     1

Table legend: (Time is in decaauts)
 A = Elapsed time spent in this place.
 B = Non-inter-level travel time spent in this place.
 C = Inter-level travel time spent in this place.
 D = Time resting spent in this place.
 E = Time spent auto-exploring this place.
 F = Levels seen in this place.
 G = Mean time per level.
                   A        B        C        D        E       F      G
               +--------+--------+--------+--------+--------+-----+--------+
         Total |   1372 |   1357 |     15 |    312 |    662 |   2 |  686.0 |
       Dungeon |   1372 |   1357 |     15 |    312 |    662 |   2 |  686.0 |
               +--------+--------+--------+--------+--------+-----+--------+

Top non-repeatable levels by time:
     D:2: 913 daAuts
     D:1: 458 daAuts
